 Dungeon Crawl Stone Soup version 0.30-a0-576-g89cddaab80 (webtiles) character file.

Game seed: 991554525486303645

86 Shayle the Conjurer (level 4, -3/22 (27) HPs)
             Began as a Tengu Reaver on Dec 30, 2022.
             Slain by Terence
             ... wielding a +0 mace
              (8 damage)
             ... on level 2 of the Dungeon.
             The game lasted 00:02:03 (918 turns).

Shayle the Conjurer (Tengu Reaver)                   Turns: 918, Time: 00:02:04

HP:   -3/22 (27)    AC:  3    Str: 12    XL:     4   Next: 50%
MP:   8/8           EV: 12    Int: 16    God:
Gold: 96            SH:  0    Dex: 12    Spells: 6/7 levels left

rFire   . . .      SeeInvis .    a - +0 short sword
rCold   . . .      Faith    .    (no shield)
rNeg    . . .      Spirit   .    b - +0 leather armour
rPois   .          Reflect  .    (helmet restricted)
rElec   .          Harm     .    (no cloak)
rCorr   .          Rampage  .    (no gloves)
Will    .....                    (boots unavailable)
Stlth   +                        (no amulet)
HPRegen 0.23/turn                (no ring)
MPRegen 0.11/turn                (no ring)

@: heavily drained
A: beak, talons 3
a: no special abilities


You were on level 2 of the Dungeon.
You visited 1 branch of the dungeon, and saw 2 of its levels.

You collected 96 gold pieces.

Inventory:

Hand Weapons
 a - a +0 short sword (weapon)
Armour
 b - a +0 leather armour (worn)
Scrolls
 c - a scroll of magic mapping {unknown}
 d - a scroll of acquirement {unknown}
 e - 2 scrolls of identify {unknown}
 g - 2 scrolls of teleportation {unknown}
 i - a scroll of fear {unknown}
Potions
 f - a potion of resistance {unknown}
 h - a potion of heal wounds {unknown}
 j - 3 potions of ambrosia {unknown}
 k - a potion of lignification {unknown}
 l - a potion of cancellation {unknown}


   Skills:
 + Level 2.9 Fighting
 - Level 3.2 Short Blades
 + Level 3.1 Dodging
 - Level 2.0 Spellcasting
 - Level 4.0 Conjurations
 + Level 1.9 Necromancy
 + Level 1.2 Earth Magic


You had 6 spell levels left.
You knew the following spells:

 Your Spells              Type           Power      Damage    Failure   Level
a - Kiss of Death         Conj/Necr      44%        2d8       8%          1

Your spell library contained the following spells:

 Spells                   Type           Power      Damage    Failure   Level
 Momentum Strike          Conj/Tloc      16%        3d8       17%         2
 Hailstorm                Conj/Ice       8%         3d4       34%         3


Dungeon Overview and Level Annotations

Branches:
Dungeon (2/15)

Altars:

Annotations:
D:2 Terence


Innate Abilities, Weirdness & Mutations

You have a beak for a mouth.
You have claws for feet.


Message History

Press: ? - help, Shift-Dir - straight line, f - Terence
Aim: Terence, wielding a +0 mace and wearing a +0 chain mail (100% to hit)
The negative energy hits Terence!
Terence is drained!
Terence is heavily wounded.
You feel drained. Terence hits you with a +0 mace!
You hit Terence but do no damage. You peck Terence, but do no damage.
Terence is heavily wounded.
Terence says, "Time to say good-bye..."
Terence barely misses you.
You closely miss Terence.
Terence is heavily wounded.
Terence barely misses you.
You hit Terence.
Terence is heavily wounded.
You hit Terence but do no damage. Your kick misses Terence.
Terence is heavily wounded.
Terence hits you with a +0 mace.
You hit Terence but do no damage. You claw Terence, but do no damage.
Terence is heavily wounded.
Terence hits you with a +0 mace.
You hit Terence but do no damage.
Terence is heavily wounded.
Terence closely misses you.
You hit Terence but do no damage.
Terence is heavily wounded.
Terence barely misses you.
You hit Terence but do no damage. You claw Terence, but do no damage.
Your peck misses Terence.
Terence is heavily wounded.
Terence barely misses you.
You hit Terence. Your peck misses Terence.
Terence is severely wounded.
You barely miss Terence. You claw Terence.
Terence is severely wounded.
Terence hits you with a +0 mace.
* * * LOW HITPOINT WARNING * * *
You barely miss Terence.
Terence is severely wounded.
Terence hits you with a +0 mace!
You die...

#..# ##.## # ##..# #.#
.# #.<.# #.# ?#
####..### #.# .# #
........# #.# .#.# #
####..#.# #.# .#.#.#
####..#.# #.# .....##
......#.#####.###@...$..
#####...........@...#
..).........#########
#############


You could see Terence (very drained).

Vanquished Creatures
  A scorpion (D:2)
  2 endoplasms
  4 giant cockroaches (D:1)
  2 hobgoblins
  2 kobolds
  4 ball pythons (D:1)
  5 bats (D:1)
  A frilled lizard (D:2)
  4 rats
25 creatures vanquished.

Notes
Turn   | Place    | Note
-------+----------+-------------------------------------------
     0 | D:1      | Shayle the Tengu Reaver began the quest for the Orb.
     0 | D:1      | Reached XP level 1. HP: 12/12 MP: 4/4
   147 | D:1      | Reached XP level 2. HP: 17/17 MP: 6/6
   380 | D:1      | Reached skill level 1 in Necromancy
   645 | D:2      | Noticed a scorpion
   735 | D:2      | Killed a scorpion
   736 | D:2      | Reached skill level 1 in Earth Magic
   736 | D:2      | Reached XP level 3. HP: 18/22 MP: 5/7
   736 | D:2      | Reached XP level 4. HP: 23/27 MP: 5/8
   905 | D:2      | Noticed Terence
   918 | D:2      | Slain by Terence

Illustrated notes

Levels and vault maps discovered:
D:1:      ncdulo_wetmaze, layout_loops_ring, chequers_serial_rivers_small_b
D:2:      layout_loops_ring, uniq_natasha, uniq_terence

Skill      XL: |  1  2 |
---------------+-------+-----
Necromancy     | 1 |  1.9
Dodging        | 3 |  3.1
Earth Magic    | 1 |  1.2
Fighting       | |  2.9
Short Blades   | |  3.2
Spellcasting   | |  2.0
Conjurations   | |  4.0

Action                   |  1- 3 |  4- 6 || total
-------------------------+-------+-------++-------
Melee: Short sword       |    58 |    24 ||    82
       Kick              |    14 |     4 ||    18
       Peck              |     7 |     4 ||    11
 Cast: Kiss of Death     |     1 |     1 ||     2
Armor: Leather armour    |    16 |     2 ||    18
Dodge: Dodged            |    35 |    12 ||    47

Table legend: (Time is in decaauts)
 A = Elapsed time spent in this place.
 B = Non-inter-level travel time spent in this place.
 C = Inter-level travel time spent in this place.
 D = Time resting spent in this place.
 E = Time spent auto-exploring this place.
 F = Levels seen in this place.
 G = Mean time per level.
                   A        B        C        D        E       F      G
               +--------+--------+--------+--------+--------+-----+--------+
         Total |    913 |    895 |     18 |     60 |    572 |   2 |  456.5 |
       Dungeon |    913 |    895 |     18 |     60 |    572 |   2 |  456.5 |
               +--------+--------+--------+--------+--------+-----+--------+

Top non-repeatable levels by time:
     D:1: 693 daAuts
     D:2: 220 daAuts
